 Dungeon Crawl Stone Soup version 0.27-a0-998-g4cfe56dd59 (webtiles) character file.

Game seed: 8048292271597611797

3885 funkygono the Firebug (level 10, -6/53 HPs)
             Began as a Gargoyle Fire Elementalist on Apr 17, 2021.
             Was a Believer of Vehumet.
             Shot with an arrow by a centaur warrior (11 damage)
             ... on level 9 of the Dungeon.
             The game lasted 00:22:27 (9507 turns).

funkygono the Firebug (Gargoyle Fire Elementalist)  Turns: 9507, Time: 00:22:27

Health: -6/53      AC: 16    Str: 19    XL:     10   Next: 19%
Magic:  11/20      EV: 16    Int: 18    God:    Vehumet [**....]
Gold:   1273       SH:  0    Dex: 10    Spells: 8/23 levels left

rFire    . . .     SeeInvis .   d - +4 whip (venom)
rCold    . . .     Faith    .   (no shield)
rNeg     + . .     Spirit   .   G - +1 steam dragon scales
rPois    ∞         Reflect  .   (no helmet)
rElec    +         Harm     .   (no cloak)
rCorr    .         Rampage  .   f - +2 pair of gloves
Will     .....                  (no boots)
Stlth    ++........             t - amulet of regeneration
HPRegen  1.17/turn              k - +6 ring of strength
MPRegen  0.17/turn              l - +4 ring of evasion

@: no status effects
A: AC +7, negative energy resistance 1, electricity resistance, torment
resistance 1, unbreathing 1, petrification resistance
a: Renounce Religion


You were on level 9 of the Dungeon.
You worshipped Vehumet.
Vehumet was pleased with you.
You visited 2 branches of the dungeon, and saw 10 of its levels.
You also visited: Bailey.

You collected 1273 gold pieces.

Inventory:

Hand Weapons
 d - a +4 whip of venom (weapon)
 w - a +5 flail
Missiles
 u - 180 stones
Armour
 b - the +2 leather armour of Depression {Int+3}
   (You found it on level 5 of the Dungeon)

   It affects your intelligence (+3).
 f - a +2 pair of gloves (worn)
 j - a +0 scale mail
 A - a +0 robe of willpower
 G - +1 steam dragon scales (worn)
Magical Staves
 m - a staff of conjuration
Jewellery
 h - a ring of ice
 k - a +6 ring of strength (left hand)
 l - a +4 ring of evasion (right hand)
 t - an amulet of regeneration (around neck)
 y - an amulet of guardian spirit
Wands
 z - a wand of flame (10)
 B - a wand of acid (8)
Scrolls
 q - a scroll of blinking
 r - 2 scrolls of teleportation
 v - 2 scrolls of fog
 x - a scroll of magic mapping
Potions
 c - 2 potions of flight
 e - a potion of ambrosia
 g - a potion of haste
 i - a potion of mutation {unknown}
 n - a potion of invisibility {unknown}
 o - a potion of magic {unknown}
 p - 2 potions of attraction
 s - a potion of brilliance {unknown}
 C - a potion of heal wounds {unknown}
 F - 2 potions of degeneration {unknown}


   Skills:
 + Level 2.2 Fighting
 + Level 4.1 Maces & Flails
 + Level 2.8 Armour
 + Level 3.0 Dodging
 - Level 2.1 Stealth
 + Level 7.2 Spellcasting
 + Level 6.6 Conjurations
 + Level 7.7 Fire Magic
 * Level 1.5 Air Magic
 * Level 3.9 Earth Magic


You had 8 spell levels left.
You knew the following spells:

 Your Spells              Type           Power      Damage    Failure   Level
a - Foxfire               Conj/Fire      100%       2x1d9     1%          1
b - Conjure Flame         Conj/Fire      32%        6-21      1%          3
c - Sticky Flame          Conj/Fire      32%        2d5       5%          4
d - Fireball              Conj/Fire      16%        3d8       16%         5
e - Sandblast             Erth           40%        2d10      1%          1
f - Shock                 Conj/Air       84%        1d8       1%          1

Your spell library contained the following spells:

 Spells                   Type           Power      Damage    Failure   Level
 Inner Flame              Hex/Fire       20%        N/A       6%          3
 Beastly Appendage        Tmut           12%        N/A       11%         1
 Mephitic Cloud           Conj/Pois/Air  16%        N/A       11%         3
 Poisonous Vapours        Pois/Air       18%        N/A       12%         2
 Wereblood                Tmut           6%         N/A       16%         2
 Spider Form              Tmut/Pois      3%         N/A       32%         3
 Ice Form                 Ice/Tmut       6%         N/A       71%         4
 Hydra Form               Tmut           3%         N/A       96%         5
 Freezing Cloud           Conj/Ice/Air   8%         6-21      99%         6


Dungeon Overview and Level Annotations

Branches:
Dungeon (9/15)             Temple (1/1) D:4            Lair (0/6) D:8
 Bailey (visited)
    Orc: D:9-12

Altars:
Ashenzari
Cheibriados
Dithmenos
Elyvilon
Fedhas
Gozag
Hepliaklqana
Kikubaaqudgha
Makhleb
Nemelex Xobeh
Okawaru
Qazlal
Ru
Sif Muna
Trog
Uskayaw
Vehumet
Wu Jian
Xom
Yredelemnul
Zin
The Shining One

Shops:
D:2 ?

Annotations:
D:8 3 runed translucent doors, Lanoc's ghost, novice BaFi; bmj180's ghost, novice MiFi; polve's ghost, novice DrTm


Innate Abilities, Weirdness & Mutations

Your stone body is resilient. (AC +7)
You are immune to poison.
You resist negative energy. (rN+)
You are resistant to electric shocks. (rElec)
You are resistant to unholy torment.
You can survive without breathing.
You are immune to petrification.


Message History

You conjure some foxfire!
The foxfire hits the orc warrior but does no damage.
The orc warrior is moderately wounded.
An orc knight comes into view. It is wielding a +0 halberd.
The foxfire hits the orc warrior.
The orc warrior is heavily wounded.
The orc warrior shoots a bolt.
The bolt hits you!
The orc warrior shoots a bolt.
The bolt hits you!
* * * LOW HITPOINT WARNING * * *
Casting: Foxfire (safe; 1% risk of failure)
Confirm with . or Enter, or press ? or * to list all spells.
You conjure some foxfire!
The foxfire hits the orc warrior but does no damage.
The orc warrior is heavily wounded.
The foxfire hits the orc warrior but does no damage.
The orc warrior is heavily wounded.
An orc warrior comes into view. It is wielding a +0 halberd.
Casting: Foxfire (safe; 1% risk of failure)
Confirm with . or Enter, or press ? or * to list all spells.
You conjure some foxfire!
The foxfire hits the orc warrior but does no damage.
The foxfire hits the orc warrior.
The orc warrior is heavily wounded.
The orc warrior misses you.
Your foxfire dissipates!
The foxfire hits the orc warrior.
The orc warrior is severely wounded.
The orc warrior shoots a bolt.
The bolt closely misses you.
There is a gate leading back out of this place here.
The orc warrior hits you from afar with a +0 halberd!
* * * LOW HITPOINT WARNING * * *
Welcome back to the Dungeon!
The centaur warrior wields a +0 longbow.
The centaur warrior shoots an arrow.
The arrow closely misses you.
The centaur warrior shoots an arrow.
The arrow barely misses you.
There is an empty arch of ancient stone here.
You feel better.
The centaur warrior shoots an arrow.
The arrow hits you!
* * * LOW HITPOINT WARNING * * *
The centaur warrior shoots an arrow.
The arrow hits you!
You die...

#.........# ..# .#
#.........##+##..#..#
#.............#..#..+
#.............8.....#
#...................#
#..........8.....8c###
#.....................
#.....................
#.........8...@...8...
#..................###
#.....................
#..........8.....8....
#.....................
######...#....8.$..###
#...#.......#..
#...#.......#...
###+##...#.......+
######


You could see a centaur warrior.

Vanquished Creatures
  2 wraiths (D:9)
  2 steam dragons
  2 water moccasins
  4 sky beasts
  An ice beast (D:6)
  A necrophage (D:7)
  An ogre (D:5)
  4 centaurs
  2 phantoms
  A kobold brigand (D:7)
  A wyvern zombie (D:8)
  5 scorpions
  5 killer bees (D:5)
  15 wights
  An electric eel (D:7)
  2 orc priests (D:8)
  3 jellies
  Terence (D:2)
  A bullfrog skeleton (D:6)
  2 iguanas
  4 orc wizards
  2 howler monkey zombies
  7 gnolls
  14 adders
  2 ufetubi
  A worm (D:5)
  2 dart slugs
  21 orcs
  A bat (D:3)
  8 endoplasms
  A giant cockroach (D:3)
  7 goblins
  6 hobgoblins
  4 jackals (D:3)
  10 kobolds
  3 quokkas
  12 ball pythons
  4 frilled lizards
  5 rats
170 creatures vanquished.

Vanquished Creatures (collateral kills)
  2 foxfires (D:1)
2 creatures vanquished.

Vanquished Creatures (others)
  603 foxfires
  2 plants (D:1)
  4 withered plants (D:8)
609 creatures vanquished.

Grand Total: 781 creatures vanquished

Notes
Turn   | Place    | Note
-------+----------+-------------------------------------------
     0 | D:1      | funkygono the Gargoyle Fire Elementalist began the quest
                  | for the Orb.
     0 | D:1      | Reached XP level 1. HP: 10/10 MP: 3/3
   304 | D:1      | Reached XP level 2. HP: 10/15 MP: 0/5
  1083 | D:1      | Reached XP level 3. HP: 19/19 MP: 6/6
  1129 | D:1      | Learned a level 3 spell: Conjure Flame
  1553 | D:2      | Reached XP level 4. HP: 24/24 MP: 4/7
  1584 | D:2      | Noticed Terence
  1596 | D:2      | Killed Terence
  2083 | D:2      | Reached XP level 5. HP: 28/28 MP: 4/9
  2380 | D:2      | Found a faded altar of an unknown god.
  2402 | D:2      | Found Odisothek's Magic Scroll Boutique.
  2610 | D:2      | Learned a level 4 spell: Sticky Flame
  3163 | D:3      | Found a sparkling altar of Nemelex Xobeh.
  3670 | D:4      | Reached skill level 5 in Fire Magic
  3816 | D:4      | Reached XP level 6. HP: 32/32 MP: 7/11
  3880 | D:4      | Found a staircase to the Ecumenical Temple.
  3894 | Temple   | Entered the Ecumenical Temple
  4051 | Temple   | Became a worshipper of Vehumet
  4439 | D:4      | Reached skill level 1 in Maces & Flails
  4524 | D:4      | Reached XP level 7. HP: 36/36 MP: 5/13
  5164 | D:4      | Learned a level 5 spell: Fireball
  5206 | D:5      | Entered Level 5 of the Dungeon
  5331 | D:5      | Identified the +2 leather armour of Depression {Int+3}
  5616 | D:5      | Reached skill level 5 in Spellcasting
  5616 | D:5      | Reached XP level 8. HP: 42/42 MP: 12/15
  5820 | D:5      | Reached skill level 1 in Fighting
  5936 | D:5      | Reached * piety under Vehumet
  5936 | D:5      | Offered knowledge of Sandblast by Vehumet.
  5940 | D:5      | Learned a level 1 spell: Sandblast
  5972 | D:5      | Reached skill level 1 in Armour
  6293 | D:5      | Identified a scroll of acquirement
  6293 | D:5      | Acquired 714 gold pieces
  6967 | D:6      | You fall into a shaft and drop 1 floor!
  6976 | D:7      | Reached skill level 5 in Conjurations
  7079 | D:7      | Reached XP level 9. HP: 47/47 MP: 15/18
  7724 | D:7      | Reached skill level 1 in Earth Magic
  8334 | D:8      | Found a runed translucent gate.
  8335 | D:8      | Found a runed translucent gate.
  8335 | D:8      | Found a runed translucent gate.
  8336 | D:8      | Noticed bmj180's ghost (novice MiFi)
  8336 | D:8      | Noticed polve's ghost (novice DrTm)
  8337 | D:8      | Noticed Lanoc's ghost (novice BaFi)
  8353 | D:8      | Found a staircase to the Lair.
  8604 | D:8      | Offered knowledge of Shock by Vehumet.
  8609 | D:8      | Learned a level 1 spell: Shock
  8655 | D:8      | Reached ** piety under Vehumet
  8854 | D:8      | Reached XP level 10. HP: 53/53 MP: 12/20
  8948 | D:8      | Reached skill level 1 in Air Magic
  9391 | D:9      | Found a flagged portal.
  9488 | D:9      | Noticed a centaur warrior
  9492 | Bailey   | Entered a bailey
  9492 | Bailey   | Noticed an orc knight
  9501 | Bailey   | Noticed an orc knight
  9507 | D:9      | Shot with an arrow by a centaur warrior

Illustrated notes

Levels and vault maps discovered:
D:1:      dpeg_arrival_pits, layout_loops_cross, serial_forest,
          infiniplex_forest_lined_2, infiniplex_forest_lined_room_2,
          infiniplex_forest_lined_2, infiniplex_forest_clump_diagonal,
          infiniplex_forest_end_2, infiniplex_forest_straight_1,
          infiniplex_forest_clump_diagonal
D:2:      layout_basic, serial_shops, shop, ebering_ecumenical_altar_petrified,
          minmay_tree_intersection, uniq_terence
D:3:      layout_basic, marbit_many_paths, nrook_mini_backslash
D:4:      layout_basic, minmay_temple_entry_statues_pillars
D:5:      layout_loops_corners
D:6:      layout_rooms
D:7:      layout_cave_pools, mrwooster_statue_mirror, minmay_crystal_water
D:8:      layout_loops_ring, lair_entry_dummy, gammafunk_ghost_cemetery,
          serial_park_tiny_pond
D:9:      layout_grid_maze, enter_bailey_6, st_stairs_11
Temple:   roderic_octagonal_lattice_temple

Skill      XL: |  1  2  3  4  5  6  7  8  9 10 |
---------------+-------------------------------+-----
Fire Magic     | 4 5 6 7 |  7.7
Spellcasting   | 3 4 5 6 7 |  7.2
Conjurations   | 2 3 5 6 |  6.6
Maces & Flails | 1 2 4 |  4.1
Dodging        | 2 3 |  3.0
Fighting       | 1 2 |  2.2
Armour         | 2 |  2.8
Earth Magic    | 3 |  3.9
Air Magic      | 1 |  1.5
Stealth        | |  2.1

Action                   |  1- 3 |  4- 6 |  7- 9 | 10-12 || total
-------------------------+-------+-------+-------+-------++-------
Melee: Whip              |    25 |    36 |   185 |    43 ||   289
       Unarmed           |     1 |       |       |       ||     1
 Cast: Foxfire           |    39 |   128 |   169 |    26 ||   362
       Conjure Flame     |     1 |       |     2 |       ||     3
       Shock             |       |       |     9 |     8 ||    17
       Sandblast         |       |       |     5 |     7 ||    12
       Sticky Flame      |       |       |     3 |     1 ||     4
  Use: Scroll            |     1 |     6 |    10 |     5 ||    22
       Potion            |       |       |     1 |     1 ||     2
Armor: Robe              |    12 |     7 |    30 |       ||    49
       Leather armour    |       |       |    41 |       ||    41
       Steam dragon scal |       |       |     1 |    12 ||    13
Dodge: Dodged            |    26 |    27 |   150 |    51 ||   254

Table legend: (Time is in decaauts)
 A = Elapsed time spent in this place.
 B = Non-inter-level travel time spent in this place.
 C = Inter-level travel time spent in this place.
 D = Time resting spent in this place.
 E = Time spent auto-exploring this place.
 F = Levels seen in this place.
 G = Mean time per level.
                   A        B        C        D        E       F      G
               +--------+--------+--------+--------+--------+-----+--------+
         Total |   9543 |   8884 |    659 |    404 |   7015 |  11 |  867.5 |
       Dungeon |   9217 |   8582 |    635 |    404 |   6730 |   9 | 1024.1 |
        Temple |    312 |    289 |     23 |      0 |    285 |   1 |  312.0 |
        Bailey |     13 |     13 |      0 |      0 |      0 |   1 |   13.0 |
               +--------+--------+--------+--------+--------+-----+--------+

Top non-repeatable levels by time:
     D:2: 1526 daAuts
     D:4: 1408 daAuts
     D:5: 1200 daAuts
     D:1: 1180 daAuts
     D:3: 1128 daAuts
     D:8: 943 daAuts
     D:7: 887 daAuts
     D:6: 683 daAuts
  Temple: 312 daAuts
     D:9: 258 daAuts
  Bailey: 13 daAuts
